 Dungeon Crawl Stone Soup version 0.23-a0-446-g036aa52 (webtiles) character file.

1260 Dfrag the Grave Robber (level 8, -1/62 HPs)
             Began as a Deep Dwarf Necromancer on Nov 19, 2018.
             Killed by nerve-wracking pain
             ... invoked by Grinder
              (4 damage)
             ... on level 5 of the Dungeon.
             The game lasted 00:09:45 (3807 turns).

Dfrag the Grave Robber (Deep Dwarf Necromancer)     Turns: 3807, Time: 00:09:47

Health: -1/62      AC:  6    Str: 13    XL:     8   Next: 27%
Magic:  18/18      EV: 12    Int: 17    God:
Gold:   266        SH:  0    Dex: 13    Spells: 17/21 levels left

rFire    . . .     SeeInvis .   p - +4 flail
rCold    . . .     Gourm    .   (no shield)
rNeg     . . .     Faith    .   a - +0 robe
rPois    +         Spirit   .   u - +0 helmet
rElec    .         Reflect  .   (no cloak)
rCorr    +         Harm     .   (no gloves)
MR       +....                  d - +2 pair of boots {run}
Stlth    ++........             (no amulet)
HPRegen  0.00/turn              k - ring of resist corrosion
MPRegen  0.16/turn              (no ring)

@: non-regenerating, quick
A: damage resistance, heal wounds, talons 1, sense surroundings 1, poison
resistance, no regeneration
a: Heal Wounds


You were on level 5 of the Dungeon.
You were not hungry.

You visited 1 branch of the dungeon, and saw 5 of its levels.

You collected 266 gold pieces.

Inventory:

Hand Weapons
 e - a +0 dagger of holy wrath
 p - a +4 flail (weapon)
Armour
 a - a +0 robe (worn)
 d - a +2 pair of boots of running (worn)
 u - a +0 helmet (worn)
Jewellery
 k - a ring of resist corrosion (left hand)
Wands
 s - a wand of random effects (16)
Scrolls
 f - 2 scrolls of remove curse
 g - a scroll of enchant weapon {unknown}
 i - 3 scrolls of enchant armour {unknown}
 j - 2 scrolls of magic mapping
 m - 2 scrolls of amnesia {unknown}
 n - a scroll of noise {unknown}
 q - a scroll of fear {unknown}
Potions
 b - a potion of brilliance
 h - 3 potions of flight
 o - a potion of curing
 r - a potion of berserk rage {unknown}
 t - a potion of haste {unknown}
 v - a potion of heal wounds
Comestibles
 c - 7 rations


   Skills:
 - Level 2.1 Dodging
 - Level 2.4 Stealth
 * Level 7.1 Spellcasting
 + Level 7.7 Necromancy


You had 17 spell levels left.
You knew the following spells:

 Your Spells              Type           Power        Failure   Level  Hunger
a - Pain                  Necr           ####         1%          1    None
b - Vampiric Draining     Necr           ####......   1%          3    ##.....

Your spell library contained the following spells:

 Spells                   Type           Power        Failure   Level  Hunger
 Animate Skeleton         Necr           N/A          1%          1    None
 Animate Dead             Necr           N/A          4%          4    ####...
 Sting                    Conj/Pois      #...         12%         1    None
 Poisonous Vapours        Pois/Air       #.....       17%         2    None
 Mephitic Cloud           Conj/Pois/Air  #.......     34%         3    ##.....
 Olgreb's Toxic Radiance  Pois           #.......     75%         4    ####...
 Venom Bolt               Conj/Pois      #.........   97%         5    #####..
 Regeneration             Chrm/Necr      Unusable     N/A         3    N/A

Dungeon Overview and Level Annotations

Branches:
Dungeon (5/15)
 Temple: D:4-7

Altars:
Elyvilon
Vehumet
Yredelemnul

Annotations:
D:4 2 runed doors, Psyclone's ghost, novice OpCj
D:5 Grinder


Innate Abilities, Weirdness & Mutations

You are resistant to damage.
You can heal yourself by infusing magical energy.
You passively map a small area around you.
You do not regenerate.
You have sharp toenails.
Your system is resistant to poisons. (rPois)


Message History

You hit Grinder.
Grinder is almost dead.
Grinder hits you.
* * * LOW HITPOINT WARNING * * *
You writhe in agony.
* * * LOW HITPOINT WARNING * * *
You hit Grinder.
Grinder is almost dead.
Grinder hits you but does no damage.
Grinder blinks!
You barely miss Grinder.
Grinder is almost dead.
Grinder closely misses you.
You are too injured to fight recklessly!
You hit Grinder but do no damage.
Grinder is almost dead.
Grinder hits you!
* * * LOW HITPOINT WARNING * * *
Grinder gestures at you. Pain shoots through your body!
You die...

,,
*#≈≈≈.#
≈ #≈...#
#≈#### ,
#≈≈## *
≈ *
###≈≈# *
#≈##≈# ≈
#≈≈#≈# *
#≈≈5≈#
≈* ≈
#≈@### ,
##≈.## ≈
#≈≈..# *
##≈≈.# ,
* ##≈.#
≈#≈## ,
, ,≈ *
≈≈≈# ,
#.#<.# ,
,.5,#.%#


You could see Grinder.

Vanquished Creatures
  Pikel (D:4)
  Edmund (D:4)
  Duvessa (D:5)
  A centaur (D:3)
  Dowan (D:5)
  A scorpion (D:4)
  An orc priest (D:4)
  A hound (D:5)
  3 orc wizards
  An iguana (D:4)
  2 worker ants (D:4)
  Robin (D:4)
  4 adders
  3 gnolls (D:2)
  A shadow imp (D:4)
  An adder skeleton (D:5)
  4 worms
  A dart slug (D:2)
  3 leopard geckos
  10 orcs
  A giant cockroach (D:3)
  13 goblins
  10 hobgoblins
  3 jackals (D:5)
  11 kobolds
  2 quokkas
  6 bats
  A quokka zombie (D:3)
  2 rats
91 creatures vanquished.

Vanquished Creatures (others)
  2 hounds (D:4)
2 creatures vanquished.

Grand Total: 93 creatures vanquished

Notes
Turn   | Place    | Note
-------+----------+-------------------------------------------
     0 | D:1      | Dfrag the Deep Dwarf Necromancer began the quest for the
                  | Orb.
     0 | D:1      | Reached XP level 1. HP: 15/15 MP: 3/3
   115 | D:1      | Identified a +2 pair of boots of running (You found it on
                  | level 1 of the Dungeon)
   371 | D:1      | Reached XP level 2. HP: 14/22 MP: 3/5
   712 | D:2      | Reached XP level 3. HP: 16/28 MP: 2/7
   717 | D:2      | Learned a level 3 spell: Vampiric Draining
  1345 | D:2      | Reached skill level 5 in Necromancy
  1365 | D:2      | Reached XP level 4. HP: 29/36 MP: 3/8
  1631 | D:3      | Noticed a centaur
  1648 | D:3      | Killed a centaur
  1648 | D:3      | Reached XP level 5. HP: 20/42 MP: 0/10
  1953 | D:3      | Found a basalt altar of Yredelemnul.
  2193 | D:3      | Found a white marble altar of Elyvilon.
  2465 | D:4      | Reached XP level 6. HP: 38/49 MP: 2/12
  2536 | D:4      | Found a large runed door.
  2603 | D:4      | Found a large runed door.
  2606 | D:4      | Noticed Psyclone's ghost (novice OpCj)
  2669 | D:4      | Noticed Robin
  2684 | D:4      | Killed Robin
  2856 | D:4      | Reached skill level 5 in Spellcasting
  3144 | D:4      | Noticed Pikel
  3144 | D:4      | Noticed a slave
  3144 | D:4      | Noticed a slave
  3144 | D:4      | Noticed a slave
  3144 | D:4      | Noticed a slave
  3157 | D:4      | Killed Pikel
  3157 | D:4      | Reached XP level 7. HP: 34/55 MP: 1/16
  3209 | D:4      | Noticed Edmund
  3268 | D:4      | Killed Edmund
  3268 | D:4      | Reached XP level 8. HP: 56/62 MP: 1/18
  3394 | D:5      | Entered Level 5 of the Dungeon
  3506 | D:5      | Found a radiant altar of Vehumet.
  3561 | D:5      | Noticed Duvessa
  3565 | D:5      | Noticed Dowan
  3579 | D:5      | Killed Duvessa
  3593 | D:5      | Killed Dowan
  3645 | D:5      | Noticed Grinder
  3652 | D:5      | Paralysed by Grinder for 6 turns
  3762 | D:5      | Paralysed by Grinder for 4 turns
  3785 | D:5      | Gained mutation: You have sharp toenails. [potion of
                  | mutation]
  3785 | D:5      | Gained mutation: Your system is resistant to poisons.
                  | (rPois) [potion of mutation]
  3789 | D:5      | Paralysed by Grinder for 7 turns
  3807 | D:5      | HP: 3/62 [Grinder (8)]
  3807 | D:5      | Killed from afar by Grinder

Vault maps used:
D:1:      lightli_iron_boxes, chequers_serial_rivers_room_a
D:3:      yredelemnul_altar_generic, old_standard_altar
D:4:      first_ration, ebering_ghost_disaster_area, uniq_robin, uniq_edmund,
          uniq_pikel
D:5:      lemuel_ratsnest, fedhas_bush_and_centaur_altar, basic_altar,
          minmay_manual_mullet, uniq_grinder, uniq_duvessa

Skill      XL: |  1  2  3  4  5  6  7  8 |
---------------+-------------------------+-----
Spellcasting   | 2 3 4 6 7 |  7.1
Necromancy     | 5 7 |  7.7
Dodging        | |  2.1
Stealth        | |  2.4

Action                   |  1- 3 |  4- 6 |  7- 9 || total
-------------------------+-------+-------+-------++-------
Melee: Dagger            |    21 |    45 |       ||    66
       Flail             |       |    62 |    45 ||   107
 Cast: Pain              |    46 |    50 |    17 ||   113
       Vampiric Draining |     6 |    27 |     9 ||    42
Evoke: Wand              |       |       |     4 ||     4
  Use: Scroll            |       |     4 |       ||     4
       Potion            |       |       |     1 ||     1
 Stab: Sleeping          |     1 |     1 |       ||     2
  Eat: Chunk             |     2 |     8 |     2 ||    12
Armor: Robe              |    19 |    29 |    13 ||    61
Dodge: Dodged            |    37 |    91 |    32 ||   160

Table legend:
 A = Non-vault XP
 B = Vault XP
 C = Vault XP percentage of total XP
 D = Non-vault monster count
 E = Vault monster count
 F = Vault count percentage of total count
                 A         B        C        D         E       F
            +---------+---------+-------+---------+---------+-------
      Total |     737 |    1063 |  59.1 |      77 |      15 |  16.3
            +---------+---------+-------+---------+---------+-------
        D:1 |      15 |       0 |   0.0 |       9 |       0 |   0.0
        D:2 |     101 |       0 |   0.0 |      21 |       0 |   0.0
        D:3 |     216 |       0 |   0.0 |      23 |       0 |   0.0
        D:4 |     349 |     839 |  70.6 |      18 |      13 |  41.9
        D:5 |      56 |     224 |  80.0 |       6 |       2 |  25.0
            +---------+---------+-------+---------+---------+-------
